 Dungeon Crawl Stone Soup version 0.29-a0-1014-ga8c0faee3b (webtiles) character file.

Game seed: 3351391720640750687

37685 2tc the Convoker (level 13, -11/78 HPs)
             Began as a Vampire Summoner on Aug 8, 2022.
             Was the Champion of Cheibriados.
             Mangled by Rupert
             ... wielding a +2 triple sword of holy wrath
              (15 damage)
             ... on level 12 of the Dungeon on Aug 9, 2022.
             The game lasted 01:17:23 (15618 turns).

2tc the Convoker (Vampire Summoner)                Turns: 15618, Time: 01:17:24

Health: -11/78     AC: 10    Str: 24    XL:     13   Next: 59%
Magic:  29/31      EV: 18    Int: 33    God:    Cheibriados [******]
Gold:   1905       SH:  5    Dex: 36    Spells: 7/24 levels left

rFire   . . .      SeeInvis +   u - +1 dagger (vamp)
rCold   + + .      Faith    .   (no shield)
rNeg    + + +      Spirit   .   a - +0 robe
rPois   ∞          Reflect  +   (no helmet)
rElec   .          Harm     .   I - +0 cloak {rCorr}
rCorr   +          Rampage  .   i - +2 pair of gloves
Will    +....                   (no boots)
Stlth   +++++++...              F - amulet "Koefoqe" {Reflect Dex+4 SH+5}
HPRegen 0.00/turn               f - ring of magical power
MPRegen 0.22/turn               x - +4 ring of protection

@: bloodless, inhibited regen, studying Axes, very slow
A: bloodless, fangs 3, see invisible, vampiric 2
a: Bat Form, Revivify, Renounce Religion, Bend Time, Temporal Distortion,
Slouch, Step From Time


You were on level 12 of the Dungeon.
You worshipped Cheibriados.
Cheibriados was exalted by your worship.
You visited 3 branches of the dungeon, and saw 17 of its levels.
You also visited: Bailey.

You collected 1905 gold pieces.

Inventory:

Hand Weapons
 e - a +0 whip
 h - a +0 dagger of flaming
 u - a +1 vampiric dagger (weapon)
 w - a +1 dagger of venom
 M - a +2 falchion of electrocution
Armour
 a - a +0 robe (worn)
 i - a +2 pair of gloves (worn)
 k - a +0 cloak
 C - a scarf of repulsion
 I - a +0 cloak of preservation (worn)
 J - a +0 troll leather armour
 R - a +0 buckler
Jewellery
 f - a ring of magical power (left hand)
 g - a ring of poison resistance
 m - a +6 ring of dexterity
 p - a +6 ring of dexterity
 t - a ring of resist corrosion
 x - a +4 ring of protection (right hand)
 A - an amulet of regeneration
 F - the amulet "Koefoqe" (around neck) {Reflect Dex+4 SH+5}
   (You acquired it on level 8 of the Dungeon)

   [amulet of reflection]

   It reflects blocked missile attacks.
   Dex:       It affects your dexterity (+4).
   SH:        It affects your SH (+5).
 G - a +4 ring of evasion
 Q - an amulet of faith
 U - a ring of protection from fire
Wands
 l - a wand of mindburst (11)
 q - a wand of roots (16)
 y - a wand of paralysis (4)
 D - a wand of flame (20)
 E - a wand of light (4)
 N - a wand of polymorph (6)
Scrolls
 d - 11 scrolls of identify
 r - a scroll of teleportation
 v - a scroll of fog
 z - 3 scrolls of enchant armour
 H - 4 scrolls of amnesia
 P - a scroll of magic mapping
Potions
 b - a potion of magic
 c - 4 potions of lignification
 j - 13 potions of curing
 n - 2 potions of flight
 o - 3 potions of resistance
 s - a potion of berserk rage
 B - 2 potions of attraction
 K - a potion of heal wounds
 O - a potion of invisibility
 S - a potion of ambrosia
 T - a potion of brilliance {unknown}
 V - a potion of might
Miscellaneous
 L - a box of beasts


   Skills:
 - Level 8.0 Fighting
 - Level 10.0 Short Blades
 - Level 5.0 Armour
 - Level 5.0 Dodging
 - Level 8.0 Stealth
 - Level 6.0 Spellcasting
 - Level 4.0 Hexes
 - Level 15.0 Summonings
 - Level 4.0 Air Magic
 + Level 7.1 Invocations


You had 7 spell levels left.
You knew the following spells:

 Your Spells              Type           Power      Damage    Failure   Level
a - Summon Lightning Spi  Summ/Air       64%        N/A       1%          4
b - Call Canine Familiar  Summ           83%        N/A       1%          3
c - Summon Guardian Gole  Hex/Summ       64%        N/A       1%          3
d - Summon Hydra          Summ           41%        N/A       8%          7

Your spell library contained the following spells:

 Spells                   Type           Power      Damage    Failure   Level
 Summon Small Mammal      Summ           100%       N/A       0%          1
 Call Imp                 Summ           83%        N/A       0%          2
 Poisonous Vapours        Pois/Air       46%        N/A       2%          2
 Static Discharge         Conj/Air       23%        3-6/arc   2%          2
 Sting                    Tmut/Pois      36%        1d4       4%          1
 Portal Projectile        Hex/Tloc       46%        N/A       5%          3
 Sublimation of Blood     Necr           9%         N/A       6%          2
 Wereblood                Tmut           9%         N/A       6%          2
 Gell's Gravitas          Tloc           9%         N/A       13%         3
 Teleport Other           Tloc           9%         N/A       13%         3
 Leda's Liquefaction      Hex/Erth       11%        N/A       19%         4
 Olgreb's Toxic Radiance  Pois           9%         N/A       38%         4
 Petrify                  Tmut/Erth      9%         N/A       38%         4
 Lightning Bolt           Conj/Air       11%        1d24      45%         5
 Metabolic Englaciation   Hex/Ice        11%        N/A       45%         5
 Dispersal                Tloc           4%         N/A       100%        6
 Statue Form              Tmut/Erth      6%         N/A       100%        6
 Maxwell's Capacitive Co  Air            18%        ∞         100%        8


Dungeon Overview and Level Annotations

Branches:
Dungeon (12/15)            Temple (1/1) D:4            Lair (4/5) D:9
  Swamp (0/4) Lair:3       Spider (0/4) Lair:3        Slime (0/5) Lair:4
    Orc (0/2) D:10         Bailey (visited)

Altars:
Ashenzari
Cheibriados
Dithmenos
Fedhas
Gozag
Hepliaklqana
Kikubaaqudgha
Makhleb
Nemelex Xobeh
Okawaru
Qazlal
Ru
Sif Muna
Trog
Uskayaw
Vehumet
Wu Jian
Xom
Yredelemnul
Jiyva

Shops:
D:7 (

Portals:
Trove: D:10 (give 5 scrolls of blinking)

Annotations:
D:7 2 transporters, flt's ghost, novice DgTm
D:8 2 runed translucent doors
D:9 1 runed translucent door
D:12 Rupert
Lair:1 1 runed translucent door
Lair:4 1 runed translucent door


Innate Abilities, Weirdness & Mutations

You do not regenerate when monsters are visible.
You are frail without blood (-20% HP).
You can heal yourself when you bite living creatures.
You are immune to poison.
You have razor-sharp teeth.
You have supernaturally acute eyesight. (SInv)
You are afflicted with vampirism and can become a bat while bloodless.


Message History

Rupert the Wild comes into view.
He is wielding a +2 triple sword of holy wrath and wearing a +1 chain mail of positive energy.
Press: ? - help, v - describe, . - travel
Here: Rupert, wielding a +2 triple sword of holy wrath and wearing a +1 chain mail of positive energy (asleep)
The floor.
Okay, then.
Unknown command.
Casting: Summon Lightning Spire (dangerous; 1% risk of failure)
Confirm with . or Enter, or press ? or * to list all spells.
A guardian golem appears, shielding your allies.
Casting: Summon Guardian Golem (safe; 1% risk of failure)
Confirm with . or Enter, or press ? or * to list all spells.
An electric hum fills the air.
Your lightning spire cannot move out of your way!
You swap places.
You start resting.
Your lightning spire disappears in a puff of smoke!
Your guardian golem disappears in a puff of smoke!
Magic restored.
Rupert shouts!
Rupert hits you with a +2 triple sword of holy wrath!
You convulse!
Rupert roars wildly at you. You resist with significant effort.
You block Rupert's attack.
Casting: Summon Lightning Spire (dangerous; 1% risk of failure)
Confirm with . or Enter, or press ? or * to list all spells.
A guardian golem appears, shielding your allies.
Rupert barely misses you. Rupert attacks as you move away!
Rupert hits you with a +2 triple sword of holy wrath!
You convulse.
Rupert yells loudly at you. You resist with significant effort.
Rupert roars madly and goes into a rage!
Rupert goes berserk!
Unknown command.
Rupert hits you with a +2 triple sword of holy wrath!!
* * * LOW HITPOINT WARNING * * *
You convulse!
You die...

.#######
#.#.# .#
#.#.# .#
#.#.# .#
#.#.#
#.#.###
#.#...#
#.###.#
#@###.#
#9@...#
#.###.#
### ###


You could see Rupert (berserk, ally target) and a friendly guardian golem
(summoned).

Vanquished Creatures
  Snorg (Lair:3)
  2 catoblepae (Lair:4)
  A two-headed ogre (D:10)
  3 elephants
  2 cane toads
  A gargoyle (D:12)
  A hornet (D:9)
  8 blink frogs
  A jumping spider (Lair:3)
  A wyvern (Lair:3)
  A wraith (D:10)
  3 yaks
  A redback (Lair:3)
  A vampire mosquito (D:11)
  4 water moccasins
  A hell hound (Lair:3)
  Duvessa (D:6)
  A sky beast (D:8)
  2 orc warriors
  2 ogres
  A wolf (Lair:2)
  2 centaurs
  A lemure (D:9)
  7 bullfrogs
  2 kobold brigands
  A wight (D:8)
  A killer bee (D:10)
  An electric eel (Lair:4)
  A howler monkey (D:6)
  An iron imp (D:8)
  3 jellies
  2 orc priests
  4 orc wizards
  2 gnolls
  An adder (D:6)
  A shadow imp (D:6)
  A dart slug (D:3)
  3 orcs
  5 ball pythons
  3 bats
  3 endoplasms
  4 goblins
  3 hobgoblins
  10 kobolds
  4 quokkas
  2 frilled lizards (D:1)
  2 rats
109 creatures vanquished.

Vanquished Creatures (collateral kills)
  Erica (D:9)
  A two-headed ogre (D:11)
  Amaemon (Lair:2)
  Pikel (D:9)
  2 ugly things
  A wolf spider (Lair:3)
  2 cyclopes
  A manticore (D:12)
  2 black mambas
  4 elephants
  A gargoyle (D:6)
  An orange demon (Lair:1)
  3 cane toads
  Psyche (D:9)
  2 rime drakes
  2 komodo dragons
  2 trolls
  8 blink frogs
  2 dream sheep (Lair:2)
  2 wraiths (D:10)
  12 yaks
  4 wyverns (Lair:3)
  2 basilisks (Lair:3)
  5 vampire mosquitoes (D:11)
  5 water moccasins
  4 orc warriors
  A black bear (D:5)
  2 ogres (D:5)
  2 ice beasts
  4 wolves
  A centaur (D:7)
  5 kobold brigands
  A phantom (D:6)
  A gnoll sergeant (D:7)
  11 bullfrogs
  3 necrophages
  A scorpion (D:6)
  Dowan (D:7)
  2 wights (D:8)
  A killer bee (D:10)
  4 howler monkeys
  3 hounds
  2 orc priests (D:9)
  8 jellies
  A gnoll bouda (D:6)
  4 hell rats (Lair:3)
  3 iguanas
  6 orc wizards
  6 adders
  7 gnolls
  A shadow imp (D:8)
  A white imp (D:7)
  2 ufetubi
  3 worms
  A dart slug (D:5)
  28 orcs
  2 bats (D:3)
  13 endoplasms
  2 giant cockroaches
  4 hobgoblins
  21 kobolds
  3 quokkas
  A ball python (D:3)
  A frilled lizard (D:2)
  7 goblins
242 creatures vanquished.

Vanquished Creatures (others)
  A two-headed ogre (D:12)
  A manticore (Lair:3)
  2 oklob plants (Lair:3)
  2 elephants
  Joseph (D:9)
  A cane toad (Lair:3)
  A rime drake (Lair:1)
  4 komodo dragons
  A slime creature (D:11)
  5 dream sheep (Lair:2)
  16 yaks
  Grum (D:10)
  A basilisk (Lair:3)
  A vampire mosquito (D:11)
  A water moccasin (Lair:2)
  3 orc warriors
  A wolf (D:10)
  2 gnoll sergeants (D:8)
  3 killer bees (D:10)
  2 jellies (D:11)
  An iguana (Lair:3)
  A hell rat (Lair:3)
  4 gnolls (D:8)
  An orc (D:10)
  An endoplasm (D:11)
  22 fungi
  33 plants
113 creatures vanquished.

Grand Total: 464 creatures vanquished

Notes
Turn   | Place    | Note
-------+----------+-------------------------------------------
     0 | D:1      | 2tc the Vampire Summoner began the quest for the Orb.
     0 | D:1      | Reached XP level 1. HP: 13/13 MP: 3/3
     6 | D:1      | Found a faded altar of an unknown god.
    24 | D:1      | Prayed at the altar of an unknown god.
    24 | D:1      | Became a worshipper of Cheibriados the Contemplative
    24 | D:1      | Reached * piety under Cheibriados
   467 | D:1      | Reached XP level 2. HP: 15/19 MP: 0/5
  1070 | D:2      | Reached ** piety under Cheibriados
  1112 | D:2      | Reached skill level 5 in Summonings
  1125 | D:2      | Gained mutation: You are afflicted with vampirism and can
                  | become a bat while bloodless. [Vampire growth]
  1125 | D:2      | Reached XP level 3. HP: 24/24 MP: 6/6
  1250 | D:2      | Learned a level 3 spell: Call Canine Familiar
  1762 | D:3      | Reached XP level 4. HP: 30/30 MP: 7/7
  1886 | D:3      | Reached *** piety under Cheibriados
  1899 | D:3      | Found a snail-covered altar of Cheibriados.
  2187 | D:4      | Reached skill level 6 in Summonings
  2191 | D:4      | Learned a level 3 spell: Summon Guardian Golem
  2249 | D:4      | Found a staircase to the Ecumenical Temple.
  2260 | Temple   | Entered the Ecumenical Temple
  2338 | D:4      | Noticed an ogre
  2351 | D:4      | Killed an ogre
  2352 | D:4      | Reached XP level 5. HP: 35/35 MP: 8/8
  2468 | D:4      | Reached skill level 7 in Summonings
  2509 | D:4      | Reached XP level 6. HP: 41/41 MP: 9/9
  2763 | D:5      | Entered Level 5 of the Dungeon
  2870 | D:5      | Reached **** piety under Cheibriados
  2871 | D:5      | Reached skill level 8 in Summonings
  2871 | D:5      | Reached skill level 1 in Hexes
  2951 | D:5      | Reached XP level 7. HP: 46/46 MP: 10/10
  3694 | D:6      | Reached skill level 5 in Short Blades
  3694 | D:6      | Reached XP level 8. HP: 48/52 MP: 12/12
  3847 | D:6      | Reached ***** piety under Cheibriados
  4125 | D:6      | Noticed a gargoyle
  4131 | D:6      | Killed a gargoyle
  4169 | D:6      | Learned a level 4 spell: Summon Lightning Spire
  4612 | D:7      | Noticed Dowan
  4618 | D:7      | Noticed Duvessa
  4619 | D:7      | Killed Dowan
  4631 | D:6      | Reached XP level 9. HP: 34/57 MP: 9/13
  4634 | D:6      | Killed Duvessa
  4855 | D:7      | Reached skill level 10 in Short Blades
  4855 | D:7      | Reached skill level 1 in Air Magic
  5377 | D:7      | Found Caleod's Weapon Emporium.
  5485 | D:7      | Found a transporter.
  5491 | D:7      | Found a transporter.
  5491 | D:7      | Noticed flt's ghost (novice DgTm)
  6018 | D:8      | Identified a scroll of acquirement
  6018 | D:8      | Acquired the amulet "Koefoqe" {Reflect Dex+4 SH+5}
  6244 | D:8      | Found a burning altar of Makhleb.
  6288 | D:8      | Found a runed translucent door.
  6290 | D:8      | Found a runed translucent door.
  6474 | D:8      | Found a shimmering altar of Xom.
  6489 | D:8      | Reached skill level 5 in Dodging
  6489 | D:8      | Reached skill level 1 in Fighting
  6514 | D:8      | Found a blossoming altar of Fedhas.
  6562 | D:9      | Found an ancient bone altar of Kikubaaqudgha.
  6613 | D:9      | Found a stormy altar of Qazlal.
  6622 | D:9      | Paralysed by a hornet for 3 turns
  6704 | D:9      | Noticed Psyche
  6723 | D:9      | Killed Psyche
  6754 | D:9      | Noticed Erica
  6778 | D:9      | Killed Erica
  6779 | D:9      | Reached skill level 5 in Fighting
  6779 | D:9      | Reached XP level 10. HP: 53/74 MP: 12/14
  6787 | D:9      | Noticed Pikel
  6799 | D:9      | Killed Pikel
  7046 | D:9      | Found a flagged portal.
  7056 | Bailey   | Entered a bailey
  7077 | Bailey   | Reached ****** piety under Cheibriados
  7179 | Bailey   | Found an iron altar of Okawaru.
  7443 | D:9      | Found a runed translucent door.
  7445 | D:9      | Noticed an orc knight
  7445 | D:9      | Noticed a four-headed hydra
  7514 | D:9      | Found a staircase to the Lair.
  7566 | D:9      | You fall into a shaft and drop 3 floors!
  7586 | D:10     | Entered Level 10 of the Dungeon
  7868 | D:9      | Reached skill level 9 in Summonings
  8002 | D:9      | Noticed Joseph
  8019 | D:9      | Killed Joseph
  8145 | D:10     | Reached XP level 11. HP: 86/86 MP: 15/15
  8154 | D:10     | Reached skill level 10 in Summonings
  8256 | D:10     | Found a portal to a secret trove of treasure.
  8448 | D:10     | Noticed a two-headed ogre
  8455 | D:10     | Killed a two-headed ogre
  8456 | D:10     | Reached skill level 11 in Summonings
  8577 | D:10     | Noticed Grum
  8622 | D:10     | Killed Grum
  8783 | D:10     | Found a staircase to the Orcish Mines.
  9118 | D:11     | Found a broken altar of Ashenzari.
  9200 | D:11     | Reached skill level 1 in Armour
  9417 | D:11     | Noticed a two-headed ogre
  9418 | D:11     | Noticed a cyan ugly thing
  9427 | D:11     | Killed a two-headed ogre
  9437 | D:11     | Killed a cyan ugly thing
  9758 | D:11     | Reached skill level 5 in Armour
 10028 | D:11     | Reached skill level 5 in Spellcasting
 10196 | Lair:1   | Entered Level 1 of the Lair of Beasts
 10443 | Lair:1   | Reached XP level 12. HP: 92/92 MP: 20/20
 10504 | Lair:1   | Reached skill level 1 in Invocations
 11083 | Lair:1   | Found a runed translucent door.
 11227 | Lair:2   | Noticed Amaemon
 11278 | Lair:1   | Reached skill level 5 in Invocations
 11590 | Lair:2   | Killed Amaemon
 11708 | Lair:2   | Reached skill level 12 in Summonings
 12517 | Lair:3   | Reached skill level 13 in Summonings
 12528 | Lair:3   | Noticed Snorg
 12672 | Lair:3   | Killed Snorg
 12707 | Lair:3   | Reached XP level 13. HP: 98/98 MP: 22/22
 12913 | Lair:3   | Reached skill level 14 in Summonings
 12982 | Lair:3   | Found a staircase to the Swamp.
 13557 | Lair:3   | Found a hole to the Spider Nest.
 13818 | Lair:4   | Learned a level 7 spell: Summon Hydra
 13905 | Lair:4   | Reached skill level 15 in Summonings
 14149 | Lair:4   | Found a runed translucent door.
 14152 | Lair:4   | Found a viscous altar of Jiyva.
 14153 | Lair:4   | Found a staircase to the Slime Pits.
 14153 | Lair:4   | Noticed an acid blob
 15579 | D:12     | Noticed Rupert
 15618 | D:12     | Mangled by Rupert

Illustrated notes

Levels and vault maps discovered:
D:1:      dreamdust_arrival_sigmund_warning, layout_basic,
          hellmonk_ecumenical_altar_arch_garden, glass_columns_a,
          minmay_tiny_reverse_x
D:2:      layout_rooms
D:3:      layout_rooms, mainiacjoe_overflow_small_starburst, serial_bayou,
          serial_bayou_pond_a, serial_bayou_pond_b, serial_bayou_shore_b,
          serial_bayou_pond_b
D:4:      layout_rooms, minmay_temple_entry_overgrown, minmay_misc_feat_encased,
          grunt_decor_mini_mirrors
D:5:      layout_basic, hangedman_decor_peaks_small
D:6:      layout_cave_pods, minmay_manual_monstrance
D:7:      layout_cave_pods, lemuel_coloured_pillars_altar, serial_shops,
          nicolae_shop_bloodbath_and_beyond, gammafunk_ghost_smash, uniq_duvessa
D:8:      lemuel_insect_pit, layout_rooms, makhleb_grotto_becter, minitemple,
          kennysheep_nub, grunt_decor_resistance
D:9:      minmay_gate_of_8, layout_gridville,
          mainiacjoe_overflow_catch_the_wave, david_lair_shrubbed,
          enter_bailey_3, uniq_pikel, uniq_psyche, uniq_erica, uniq_joseph
D:10:     layout_loops_ring, david_orc_4, nicolae_trove_entry_isolated,
          uniq_grum
D:11:     lemuel_slime, layout_long_grid, nicolae_wwwww,
          ashenzari_conservatory_becter
D:12:     layout_basic, uniq_rupert
Temple:   nicolae_temple_no_exploring_needed
Lair:1:   gammafunk_indiana_jones, layout_big_grid
Lair:2:   layout_cave_pods, uniq_amaemon
Lair:3:   layout_misc_corridors, minmay_swamp_entry_reptiles,
          spider_nest_entry_funnel_web, special_room
          [special_room_mythical_zoo], uniq_snorg
Lair:4:   layout_cave_pods, slime_entry_2, grunt_megastairs_5,
          lemuel_fruit_tree, serial_bayou_shore_a

Skill      XL: |  1  2  3  4  5  6  7  8  9 10 11 12 13 |
---------------+----------------------------------------+-----
Summonings     | 5 6 7 8 9 11 13 15 | 15.0
Hexes          | 4 |  4.0
Spellcasting   | 3 5 6 |  6.0
Short Blades   | 5 9 10 | 10.0
Air Magic      | 4 |  4.0
Dodging        | 5 |  5.0
Fighting       | 5 8 |  8.0
Armour         | 5 |  5.0
Invocations    | 5 7 |  7.1
Stealth        | 8 |  8.0

Action                   |  1- 3 |  4- 6 |  7- 9 | 10-12 | 13-15 || total
-------------------------+-------+-------+-------+-------+-------++-------
Melee: Whip              |    43 |       |       |       |       ||    43
       Unarmed           |     6 |       |       |       |       ||     6
       Bite              |     7 |     2 |    16 |    62 |    32 ||   119
       Dagger            |    48 |    44 |    98 |   295 |   149 ||   634
       Punch             |     1 |     1 |       |     6 |     2 ||    10
 Cast: Summon Small Mamm |    39 |     2 |       |       |       ||    41
       Call Canine Famil |     2 |    15 |    28 |    47 |    16 ||   108
       Summon Guardian G |       |     3 |    15 |    35 |    16 ||    69
       Summon Lightning  |       |       |     4 |    21 |     9 ||    34
 Abil: Exsanguinate      |       |       |       |       |     1 ||     1
Evoke: Wand              |       |       |     5 |    11 |       ||    16
  Use: Scroll            |    10 |     6 |    10 |     4 |       ||    30
       Potion            |       |       |     3 |     8 |     1 ||    12
 Stab: Sleeping          |     3 |     2 |     3 |     1 |     5 ||    14
       Distracted        |       |       |     3 |    11 |     3 ||    17
Armor: Robe              |    39 |    12 |    22 |    30 |    11 ||   114
Dodge: Dodged            |    76 |    24 |    64 |   249 |    60 ||   473
Block: Other             |       |       |     4 |    66 |    26 ||    96
       Reflection        |       |       |     1 |     4 |     2 ||     7

Table legend: (Time is in decaauts)
 A = Elapsed time spent in this place.
 B = Non-inter-level travel time spent in this place.
 C = Inter-level travel time spent in this place.
 D = Time resting spent in this place.
 E = Time spent auto-exploring this place.
 F = Levels seen in this place.
 G = Mean time per level.
                   A        B        C        D        E       F      G
               +--------+--------+--------+--------+--------+-----+--------+
         Total |  24003 |  22429 |   1574 |    855 |  17666 |  18 | 1333.5 |
       Dungeon |  15740 |  14903 |    837 |    562 |  11639 |  12 | 1311.7 |
        Temple |      1 |      1 |      0 |      0 |      0 |   1 |    1.0 |
          Lair |   7873 |   7137 |    736 |    180 |   5848 |   4 | 1968.2 |
        Bailey |    388 |    388 |      0 |    113 |    179 |   1 |  388.0 |
               +--------+--------+--------+--------+--------+-----+--------+

Top non-repeatable levels by time:
  Lair:2: 2401 daAuts
    D:10: 2103 daAuts
  Lair:4: 2046 daAuts
  Lair:3: 1768 daAuts
     D:7: 1765 daAuts
     D:6: 1750 daAuts
    D:11: 1680 daAuts
  Lair:1: 1656 daAuts
     D:9: 1629 daAuts
     D:5: 1348 daAuts
     D:1: 1182 daAuts
     D:8: 1093 daAuts
     D:3: 990 daAuts
     D:4: 877 daAuts
    D:12: 706 daAuts
